 Dungeon Crawl Stone Soup version 0.26.1-11-gd32895ea62 (webtiles) character file.

Game seed: 14874357036782422660

37 porpoise the Skirmisher (level 3, -5/27 HPs)
             Began as a Halfling Wanderer on July 19, 2021.
             Slain by Sigmund
             ... wielding a +0 scythe
              (8 damage)
             ... on level 2 of the Dungeon.
             The game lasted 00:03:46 (889 turns).

porpoise the Skirmisher (Halfling Wanderer)          Turns: 889, Time: 00:03:46

Health: -5/27      AC:  5    Str: 14    XL:     3   Next: 60%
Magic:  3/4        EV: 12    Int: 11    God:
Gold:   88         SH:  0    Dex: 12    Spells: 3/4 levels left

rFire    . . .     SeeInvis .   a - +2 spear
rCold    . . .     Faith    .   (shield restricted)
rNeg     . . .     Spirit   .   o - +0 ring mail
rPois    .         Reflect  .   (no helmet)
rElec    .         Harm     .   (no cloak)
rCorr    .         Rampage  .   (no gloves)
Will     .....                  (no boots)
Stlth    ..........             (no amulet)
HPRegen  0.09/turn              (no ring)
MPRegen  0.09/turn              (no ring)

@: confused
A: small, mutation resistance 1
a: no special abilities


You were on level 2 of the Dungeon.
You visited 1 branch of the dungeon, and saw 2 of its levels.

You collected 88 gold pieces.

Inventory:

Hand Weapons
 a - a +2 spear (weapon)
Missiles
 h - 43 stones
 l - 8 datura-tipped darts
Armour
 o - a +0 ring mail (worn)
Scrolls
 f - a scroll of teleportation {unknown}
 g - a scroll of enchant armour {unknown}
 i - a scroll of immolation
 j - a scroll of fog
 k - a scroll of enchant weapon {unknown}
Potions
 c - a potion of haste {unknown}
 e - a potion of degeneration {unknown}
 m - a potion of heal wounds {unknown}
 n - a potion of magic {unknown}


   Skills:
 + Level 4.0 Fighting
 - Level 1.1 Stealth
 - Level 1.1 Shields
 - Level 1.0 Spellcasting
 - Level 1.5 Necromancy
 - Level 2.1 Translocations


You had 3 spell levels left.
You knew the following spells:

 Your Spells              Type           Power        Failure   Level
a - Pain                  Necr           16%          34%         1

Your spell library contained the following spells:

 Spells                   Type           Power        Failure   Level
 Vampiric Draining        Necr           2%           71%         3


Dungeon Overview and Level Annotations

Branches:
Dungeon (2/15)

Altars:

Annotations:
D:2 Sigmund


Innate Abilities, Weirdness & Mutations

You are small and have problems with some larger weapons.
You are somewhat resistant to further mutation.


Message History

Sigmund closely misses you.
Your magical contamination has completely faded away.
Sigmund points at himself and mumbles some strange words.
Sigmund flickers and vanishes!
Deactivating autopickup; reactivate with Ctrl-A.
You feel less confused. Something hits you!
You barely miss something. You closely miss something.
You hear some strange, mumbled words.
You are confused.
You're too confused to move!
Something hits you!
* * * LOW HITPOINT WARNING * * *
You bump into the rock wall.
Something hits you.
* * * LOW HITPOINT WARNING * * *
You miss something. You completely miss something. Something hits you.
* * * LOW HITPOINT WARNING * * *
Something hits you!
You die...

#.# #.# #.# #.###.#
####.....#
#...############
#...######.....# ##
+........+....?+ ..
#....#####...@.#.##
#....#.........{..#
#....#....######......
####.#....# ..#...
#......# .# #.
#...(..# .# #......# #
#......# #........


There were no monsters in sight!

Vanquished Creatures
  An ooze (D:1)
  A leopard gecko (D:2)
  2 giant cockroaches (D:1)
  4 goblins (D:1)
  A hobgoblin (D:1)
  5 kobolds
  6 bats (D:1)
  8 frilled lizards (D:1)
  5 rats (D:1)
33 creatures vanquished.

Notes
Turn   | Place    | Note
-------+----------+-------------------------------------------
     0 | D:1      | porpoise the Halfling Wanderer began the quest for the Orb.
     0 | D:1      | porpoise set off with the following items: a +2 spear, a
                  | potion of curing, a +0 robe; and the following spell
                  | memorised: Pain; and the following spells available to
                  | memorise: Vampiric Draining
     0 | D:1      | Reached XP level 1. HP: 15/15 MP: 2/2
    58 | D:1      | Reached skill level 3 in Fighting
    58 | D:1      | Reached XP level 2. HP: 15/21 MP: 3/3
   175 | D:1      | You fall into a shaft and drop 1 floor!
   456 | D:1      | Reached XP level 3. HP: 26/26 MP: 4/4
   816 | D:1      | Reached skill level 4 in Fighting
   866 | D:2      | Noticed Sigmund
   889 | D:2      | Slain by Sigmund

Illustrated notes

Levels and vault maps discovered:
D:1:      psy_arrival_conway, layout_basic, minmay_lizard_pond
D:2:      layout_basic, uniq_sigmund

Skill      XL: |  1  2  3 |
---------------+----------+-----
Fighting       | 3 4 |  4.0
Stealth        | |  1.1
Shields        | |  1.1
Spellcasting   | |  1.0
Necromancy     | |  1.5
Translocations | |  2.1

Action                   || total
-------------------------++-------
Melee: Spear             ||    93
 Cast: Pain              ||     1
  Use: Scroll            ||     2
       Potion            ||     1
 Stab: Sleeping          ||     1
Armor: Robe              ||    16
       Ring mail         ||     4
Dodge: Dodged            ||    48
